[Event "*** Qualifier 1: Titled Tuesday 3|2 Blitz"]
[Site "Chess.com"]
[Date "2017.04.04"]
[Round "6"]
[White "Gabix_94"]
[Black "Ginger_GM"]
[Result "1-0"]
[WhiteElo "2513"]
[BlackElo "2465"]
[TimeControl "180+2"]
[EndTime "14:24:28 PDT"]
[Termination "Gabix_94 won by resignation"]

1. e4 c5 2. Nf3 d6 3. d4 cxd4 4. Qxd4 a6 5. h3 Nc6 6. Qe3 Nf6 7. c4 g6 8. Nc3 Bg7 9. Be2 O-O 10. O-O Nd7 11. Rd1 Nc5 12. Rb1 a5 13. b3 f5 14.
Bb2 f4 15. Qd2 Ne5 16. Nxe5 Bxe5 17. Bf3 Be6 18. Nb5 Nd7 19. Nd4 Bxd4 20. Qxd4 Ne5 21. c5 Bxh3 22. Qxe5 dxe5 23. Rxd8 Raxd8 24. gxh3 h5 25. Bxe5 Rd3 26. Be2 Rxh3 27. Kg2 Rh4 28. f3 g5 29. Rd1 g4 30. Rd7 g3 31. Bc4+ Kh7 32. Rxe7+ Kg6 33. Rg7+ Kh6 34. Rd7 Rh2+ 35. Kg1 Kg5 36. Bd6 Re8 37. Rf7 h4 38. Bxf4+ Kg6 39. Rd7 Rxa2 40. Bf7+ Kf6 41. Bxe8 h3 42. Bxg3 Rg2+ 43.
Kh1 Rxg3 44. Kh2 Rg2+ 45. Kxh3 Rb2 46. Rxb7 Kg5 47. Rg7+ Kf4 48. Rg4+ Ke5 49. c6 Rxb3 50. Kg3 Rc3 51. Rg5+ 1-0

[Event "*** Qualifier 1: Titled Tuesday 3|2 Blitz"]
[Site "Chess.com"]
[Date "2017.04.04"]
[Round "6"]
[White "Titus369"]
[Black "hypert"]
[Result "1/2-1/2"]
[WhiteElo "2175"]
[BlackElo "2253"]
[TimeControl "180+2"]
[EndTime "14:24:39 PDT"]
[Termination "Game drawn by repetition"]

1. e4 c5 2. Nf3 Nc6 3. d4 cxd4 4.
Nxd4 e5 5. Nb5 a6 6. Nd6+ Bxd6 7. Qxd6 Qf6 8. Qxf6 Nxf6 9. Nc3 Nb4 10. Bd3 h6 11.
Be3 Nxd3+ 12. cxd3 d6 13. Na4 Be6 14. Nb6 Rd8 15.
h3 d5 16. exd5 Nxd5 17. Nxd5 Rxd5 18. O-O Kd7 19. Rfd1 Rc8 20. d4 e4 21. Rac1 Rxc1 22.
Rxc1 g5 23. a3 f5 24. g3 a5 25. Kh2 Rb5 26. Rc2 Rb3 27. h4 f4 28. gxf4 gxh4 29. Rd2 Rd3 30. Rc2 b6 31. d5 Rxd5 32. Bxb6 a4 33.
Be3 Rd1 34. Rd2+ Rxd2 35. Bxd2 h5 36. Be3 Kc6 37. Bd4 Kb5 38. Be3 Kc4 39. Ba7 Kd3 40.
Be3 Ke2 41. Ba7 Bg4 42. Bb6 Kf3 43. Be3 Be6 44. Kh1 Bc4 45. Kh2 Bf1 46. Kh1 Kg4 47. Kh2 h3 48. Bd2 Bg2 49. Bc1 h4 50. Bd2 Kf3 51. Be3 Bf1 52. f5 Kg4 53. f6 Bc4 54. Bd4 Be6 55. Be3 Bg8 56. Bd4 Bf7 57. Be3 Be6 58.
Bd2 Kf5 59. Kxh3 Kxf6+ 60. Kxh4 Kf5 61. Kg3 Bb3 62. Bc3 Be6 63. Bd4 Bb3 64. Ba7 Be6 65. Be3 Bb3 66. Kg2 Be6 67. Kf1 Bb3 68. Ke1 Be6 69.
Kd2 Bb3 70. Kc3 Ke5 71. Kb4 Kd5 72. Kc3 Ke5 73. Ba7 Kd5 74. Bd4 Ke6 75. Be3 Kd5 76.
Kb4 Ke6 77. Kc3 Kd5 78. Kd2 Kc4 79. Bf4 Kd5 80. Be3 Kc4 81. Bf4 Kd5 82. Be3 Kc4 1/2-1/2

[Event "*** Qualifier 1: Titled Tuesday 3|2 Blitz"]
[Site "Chess.com"]
[Date "2017.04.04"]
[Round "6"]
[White "Kawhi_Leonard2"]
[Black "MyleneFarmer"]
[Result "0-1"]
[WhiteElo "2197"]
[BlackElo "2322"]
[TimeControl "180+2"]
[EndTime "14:24:41 PDT"]
[Termination "MyleneFarmer won on time"]

1. e4 f6 2. d4 g6 3. Nc3 Nh6 4.
Nf3 Nf7 5. Be3 e6 6. Qd2 d6 7. O-O-O c6 8. d5 cxd5 9. exd5 e5 10. h3 Bg7 11. g4 a6 12. Kb1 b5 13. Ne4 Nd7 14.
c4 bxc4 15. Bxc4 Bb7 16. Bb3 a5 17. Ba4 O-O 18. Bc6 Ba6 19. Ng3 Rb8 20. Ka1 Nc5 21.
Bxc5 dxc5 22. d6 Rb6 23. Bd5 Kh8 24. Bxf7 Rxf7 25. Ne4 Bb7 26. Qe3 Bxe4 27. Qxe4 Rxd6 28. Rxd6 Qxd6 29. Qa8+ Rf8 30. Qxa5 e4 31. Nd2 f5 32.
gxf5 gxf5 33. Nb3 Qf6 34. Qd2 c4 35. Nc5 Rb8 36. Rb1 c3 0-1

[Event "*** Qualifier 1: Titled Tuesday 3|2 Blitz"]
[Site "Chess.com"]
[Date "2017.04.04"]
[Round "6"]
[White "plouarzel"]
[Black "Zlatan56"]
[Result "1-0"]
[WhiteElo "2399"]
[BlackElo "2619"]
[TimeControl "180+2"]
[EndTime "14:24:48 PDT"]
[Termination "plouarzel won by resignation"]

1. d4 g6 2. e4 Bg7 3. Nc3 d6 4.
Be2 Nf6 5. g4 c5 6. g5 Nfd7 7. d5 Na6 8. h4 Nc7 9. a4 e6 10. dxe6 Nxe6 11. Qxd6 Be5 12. Qd3 Nd4 13. f4 Bg7 14. Nf3 O-O 15. Nxd4 cxd4 16. Nd5 Nc5 17.
Qf3 Nxe4 18. Qxe4 Bf5 19. Ne7+ Kh8 20. Nxf5 gxf5 21. Qxf5 Re8 22. Kf2 Rxe2+ 23. Kxe2 Qc7 24. Bd2 Re8+ 25. Kf2 d3 26. Qxd3 Rd8 27. Qe2 Qxc2 28. Bc3 Qb3 29. Rhd1 Rc8 30. Bxg7+ Kxg7 31. Rac1 Rf8 32.
Qe5+ Kg8 33. h5 Qh3 34. h6 Qh2+ 35. Ke3 Qh3+ 36. Kd4 Rd8+ 37. Kc5 Rc8+ 38. Kd6 1-0

[Event "*** Qualifier 1: Titled Tuesday 3|2 Blitz"]
[Site "Chess.com"]
[Date "2017.04.04"]
[Round "6"]
[White "donotreadit"]
[Black "rithwik2002"]
[Result "1-0"]
[WhiteElo "2476"]
[BlackElo "1803"]
[TimeControl "180+2"]
[EndTime "14:24:52 PDT"]
[Termination "donotreadit won on time"]

1. d4 Nf6 2. c4 e6 3. g3 d5 4. Bg2 dxc4 5. Nf3 a6 6. Ne5 Bb4+ 7.
Nd2 Qxd4 8. Qa4+ Nbd7 9. Qxb4 Nxe5 10. O-O Nd5 11. Bxd5 Qxd5 12. Nf3 Nxf3+ 13. exf3 Bd7 14. Qc3 O-O-O 15. Bf4 Bc6 16. Rac1 b5 17. Rfe1 Qxf3 18.
Qxf3 Bxf3 19. h3 Rhe8 20. b3 Bd5 21. Kh2 f6 22. Be3 e5 23. a4 c6 24. b4 Kb7 25.
Ra1 Rd7 26. Ra3 Be4 27. Rea1 Re6 28. g4 Rd3 29. Kg3 Rxa3 30. Rxa3 Rd6 31. h4 g6 32. h5 f5 33. f4 exf4+ 34. Kxf4 Rd3 35. Ra1 fxg4 36. Kxe4 Rb3 37. hxg6 hxg6 38. axb5 cxb5 39. Bc5 c3 40. Kd3 g3 41. Rg1 c2+ 42. Kxc2 Rf3 43. Bd6 Kc6 44. Bxg3 Kd5 45. Be1 Kc4 46. Rg4+ Kd5 47.
Rxg6 Re3 48. Bd2 Re4 49. Rxa6 Rc4+ 50. Bc3 Rg4 51. Kb3 Rg1 52. Rb6 1-0

[Event "*** Qualifier 1: Titled Tuesday 3|2 Blitz"]
[Site "Chess.com"]
[Date "2017.04.04"]
[Round "6"]
[White "Keranke"]
[Black "SergeiAza"]
[Result "1/2-1/2"]
[WhiteElo "2716"]
[BlackElo "2646"]
[TimeControl "180+2"]
[EndTime "14:24:54 PDT"]
[Termination "Game drawn by agreement"]

1. d4 Nf6 2. Nf3 g6 3. Bf4 Bg7 4. h3 O-O 5. e3 d6 6. Be2 Qe8 7. O-O Ne4 8. Bh2 e5 9. dxe5 dxe5 10. Nbd2 Bf5 11. Nxe4 Bxe4 12. c3 Nd7 13. Qb3 Nc5 14. Qb4 b6 15. Rfd1 a5 16. Qc4 a4 17. b4 axb3 18.
axb3 Bc2 19. Rxa8 Qxa8 20. Rc1 Bxb3 21. Qh4 f6 22. Bc4+ Bxc4 23. Qxc4+ Kh8 24. h4 h5 25. Rd1 Rd8 26. Rxd8+ Qxd8 27. Bg3 Qd7 28. Kh2 Bf8 29. Qa2 Kg7 30. Qa7 Bd6 31. Nd2 Qb5 32. Qa2 Qe2 33. Qd5 Qd3 34. Qa2 Qxc3 35. Nc4 Qb3 36. Qe2 b5 37.
Nxd6 cxd6 38. Qd2 Ne4 39. Qa5 b4 40. Qb5 Nc5 41. Qb6 Qc4 42. Qxd6 Ne4 43. Qe7+ Qf7 44.
Qxb4 1/2-1/2

[Event "*** Qualifier 1: Titled Tuesday 3|2 Blitz"]
[Site "Chess.com"]
[Date "2017.04.04"]
[Round "6"]
[White "DuleMudule"]
[Black "Aygehovit1992"]
[Result "1-0"]
[WhiteElo "2587"]
[BlackElo "2439"]
[TimeControl "180+2"]
[EndTime "14:24:55 PDT"]
[Termination "DuleMudule won by resignation"]

1. d4 d6 2. e4 Nf6 3. Nc3 g6 4. Be3 c6 5. f3 Nbd7 6. Nge2 b5 7. Qd2 Qc7 8. g4 Nb6 9. b3 a5 10. a4 b4 11. Nd1 Bg7 12. Rc1 O-O 13. Bh6 e5 14. c3 bxc3 15. Ndxc3 Qe7 16. dxe5 dxe5 17. h4 Rd8 18. Qe3 Rb8 19. Bxg7 Kxg7 20. h5 Be6 21. Ng3 Nbd7 22. hxg6 fxg6 23. Qh6+ Kg8 24. Rc2 Rxb3 25. Nf5 Bxf5 26. gxf5 Qb4 27. Qd2 gxf5 28. Bh3 Re8 29. Bxf5 Re7 30. Rg1+ Kh8 31. Nd1 Rxf3 32. Rxc6 Qxd2+ 33. Kxd2 Rxf5 34. Rc8+ Ne8 35. exf5 h5 36. Ne3 Kh7 37.
Ra8 Ndf6 38. Rxa5 Nd6 39. Nd5 Nde4+ 40. Ke3 Rf7 41. Nxf6+ Nxf6 42. Rxe5 Ng4+ 43. Rxg4 hxg4 44. Kf4 Ra7 45. a5 Kg7 46. Kxg4 Kf6 47. Re6+ Kf7 48. a6 1-0

[Event "*** Qualifier 1: Titled Tuesday 3|2 Blitz"]
[Site "Chess.com"]
[Date "2017.04.04"]
[Round "6"]
[White "michaelk123"]
[Black "Superfelix"]
[Result "1-0"]
[WhiteElo "2219"]
[BlackElo "2300"]
[TimeControl "180+2"]
[EndTime "14:24:57 PDT"]
[Termination "michaelk123 won on time"]

1. e4 c6 2. Nc3 g6 3. d4 d5 4. Nf3 dxe4 5. Nxe4 Nf6 6. Nxf6+ exf6 7. Bc4 Bg7 8. Qe2+ Qe7 9. Qxe7+ Kxe7 10. b3 Be6 11. Ba3+ Kd7 12. d5 cxd5 13. O-O-O Kc6 14. Nd4+ Kb6 15. Be2 Nc6 16. Bb2 Rhe8 17. Bf3 Rad8 18. Rhe1 Bh6+ 19. Kb1 f5 20. Bc3 Bf8 21. Kb2 Bc5 22.
a4 a6 23. Re3 Kc7 24. Re2 Kd7 25. g3 Kc7 26. Bg2 Re7 27. Nxc6 bxc6 28. Bf6 Rde8 29. Bxe7 Bxe7 30. c3 Bf6 31. Kc2 Kd7 32. f4 Kc7 33. Rde1 Rb8 34. Rxe6 fxe6 35. Rxe6 Rf8 36. a5 Kd7 37.
Re1 Kd6 38. Bf1 c5 39. Ra1 Ra8 40. Bd3 Kc6 41. Re1 Kd6 42. h4 h5 43. Bf1 Bd8 44.
Re8 Rb8 45. Rg8 Bxa5 46. Rxb8 1-0

[Event "*** Qualifier 1: Titled Tuesday 3|2 Blitz"]
[Site "Chess.com"]
[Date "2017.04.04"]
[Round "6"]
[White "scrapnel"]
[Black "Bengalas"]
[Result "0-1"]
[WhiteElo "2212"]
[BlackElo "2359"]
[TimeControl "180+2"]
[EndTime "14:25:29 PDT"]
[Termination "Bengalas won by resignation"]

1. Nf3 c5 2. c4 Nc6 3. Nc3 Nf6 4. g3 g6 5. Bg2 Bg7 6. O-O O-O 7. d4 cxd4 8. Nxd4 Ng4 9. e3 Nxd4 10. exd4 Nh6 11.
Bd2 Nf5 12. d5 d6 13. Re1 h5 14. Rc1 Bd7 15. b3 a6 16. Bg5 Re8 17. Ne4 Rc8 18. Qd2 Kh7 19. c5 dxc5 20. Nxc5 Nd6 21. Bf4 Bf5 22. a4 Bf6 23. h4 Kg7 24. Be3 a5 25. Bg5 b6 26. Nd3 Bxg5 27. hxg5 Bxd3 28. Qxd3 Rc5 29. Qd4+ Kg8 30. Rxc5 bxc5 31. Qxc5 Qb8 32. Re3 Qd8 33. Rc3 Qa8 34. Qc6 Qb8 35. Qc7 Qa8 36. Qc6 Qb8 37. Qa6 Qb4 38. Qd3 Rb8 39. Bf3 Kf8 40.
Kg2 Qb6 41. Qe3 Qb4 42. Qe5 Kg8 43. Re3 Rb7 44. Rc3 h4 45. g4 Qb6 46. Qe3 Qb4 47. Qe5 Qb6 48. Qe3 Qb4 49. Kh3 Kf8 50. Kxh4 Nf5+ 0-1

[Event "*** Qualifier 1: Titled Tuesday 3|2 Blitz"]
[Site "Chess.com"]
[Date "2017.04.04"]
[Round "6"]
[White "daro94"]
[Black "bancsoo"]
[Result "1/2-1/2"]
[WhiteElo "2704"]
[BlackElo "2624"]
[TimeControl "180+2"]
[EndTime "14:25:34 PDT"]
[Termination "Game drawn by repetition"]

1. d4 d5 2. Nf3 Nf6 3. c4 c6 4. e3 Bf5 5. Nc3 e6 6. Nh4 Bg6 7. Qb3 Qc7 8. Nxg6 hxg6 9. g3 Nbd7 10. Bg2 Be7 11. O-O O-O 12. cxd5 cxd5 13. e4 dxe4 14. Nxe4 Nxe4 15. Bxe4 Nb6 16. Qf3 Rab8 17.
Bf4 Bd6 18. Rac1 Qd7 19. Be3 Be7 20. h4 Nd5 21. Bxd5 exd5 22. h5 g5 23. Rfe1 Rbc8 24. g4 Rxc1 25. Rxc1 Rc8 26. Rxc8+ Qxc8 27. Kg2 Qe6 28. Qf5 Qxf5 29. gxf5 f6 30. f4 gxf4 31. Bxf4 Kf7 32. Kf3 Ke8 33. Ke2 Kd7 34. Kd3 Bf8 35. Kc3 Kc6 36. a4 a6 37. b3 b5 38. Kd3 Kb6 39.
Bd2 Kc6 40. Ke2 Ba3 41. Kf3 Bb2 42. Ke3 Ba3 43. Kd3 Bd6 44. h6 gxh6 45. Bxh6 Be7 46.
Bd2 Kd7 47. Ke2 Ke8 48. Kf3 Bf8 49. Kg4 Kf7 50. Kf3 Bd6 51. Kg4 Bf8 52. Kf3 Bd6 53.
Kg4 Bf8 54. Kf3 Bd6 55. Kg4 1/2-1/2

[Event "*** Qualifier 1: Titled Tuesday 3|2 Blitz"]
[Site "Chess.com"]
[Date "2017.04.04"]
[Round "6"]
[White "GameOverBro"]
[Black "GM_Donatello"]
[Result "0-1"]
[WhiteElo "2249"]
[BlackElo "2540"]
[TimeControl "180+2"]
[EndTime "14:25:34 PDT"]
[Termination "GM_Donatello won by resignation"]

1. e4 e5 2. d4 exd4 3. Qxd4 Nc6 4. Qe3 g6 5. Nc3 Bg7 6. Bd2 Nf6 7. O-O-O O-O 8. f4 Re8 9. e5 d6 10. Nf3 dxe5 11.
fxe5 Ng4 12. Qc5 Be6 13. Bf4 Qe7 14. Qxe7 Rxe7 15. Nd5 Rd7 16. Bc4 Ngxe5 17. Nxe5 Nxe5 18. Bb3 c6 19. Ne3 Bxb3 20. axb3 Rad8 21. Rxd7 Rxd7 22. Re1 Rd8 23. Nf5 gxf5 24. Bxe5 Re8 25. Bg3 Rxe1+ 26. Bxe1 Kf8 27. Bf2 a6 28. b4 Ke7 29. c4 Ke6 30. Kc2 f4 31. b3 Kf5 32.
Kd3 Bf8 33. b5 cxb5 34. cxb5 axb5 35. Bb6 Bd6 36. h3 Ke5 37. Bd4+ Kd5 38. Bf2 Bc5 39.
Be1 Bd4 40. Bd2 Be5 41. Be1 Bd6 42. Bd2 Ke5 43. Be1 Kf5 44. Kd4 f3 45. gxf3 Kf4 46. Kd5 Bc7 47. Kc5 Kxf3 48. Kxb5 f5 49. b4 f4 50. Kc5 Kg2 51. h4 f3 52. b5 Bg3 53.
Bxg3 Kxg3 54. Kb6 f2 55. Kxb7 f1=Q 56. b6 Qb5 0-1

[Event "*** Qualifier 1: Titled Tuesday 3|2 Blitz"]
[Site "Chess.com"]
[Date "2017.04.04"]
[Round "6"]
[White "rubhani"]
[Black "Alexander_Donchenko"]
[Result "1/2-1/2"]
[WhiteElo "2416"]
[BlackElo "2576"]
[TimeControl "180+2"]
[EndTime "14:25:36 PDT"]
[Termination "Game drawn by agreement"]

1. e4 c5 2. Nf3 d6 3. d4 cxd4 4.
Nxd4 Nf6 5. Nc3 a6 6. Bg5 Nbd7 7. Qe2 h6 8. Bh4 g6 9. f4 e5 10. fxe5 dxe5 11. O-O-O Qc7 12. Nb3 b5 13. Qf3 Be7 14. Rxd7 Qxd7 15. Bxf6 Bxf6 16. Qxf6 O-O 17. Bd3 Qe6 18.
Qxe6 Bxe6 19. Nc5 Bg4 20. h3 Rfc8 21. b4 a5 22. Nd5 axb4 23. Ne7+ Kf8 24. Nxc8 Bxc8 25.
Kb2 Ke7 26. Bxb5 Ra5 27. Bd3 Rxc5 28. Kb3 Ra5 29. Ra1 Bd7 30. Kxb4 Ra4+ 31. Kb3 Kd6 32. Rd1 Kc5 33. a3 Ra7 34. Bc4 Ba4+ 35. Kc3 Bc6 36. Bd5 Rxa3+ 37. Kb2 Rg3 38. Bxc6 Kxc6 39. Rf1 Rxg2 40.
Rxf7 Rg3 41. c3 Kd6 42. Ra7 Ke6 43. Ra6+ Kf7 44. Ra7+ Kf6 45. h4 Rg4 46. Ra6+ Kf7 47. Ra7+ Ke8 48. Ra8+ Kd7 49. Ra7+ Kc8 50. Ra6 Kb7 51.
Re6 h5 52. Kb3 Kc7 53. Kc4 Rxe4+ 54. Kd5 Rxh4 55. Rxg6 Rg4 56. Rh6 Rg5 57. c4 e4+ 58. Kxe4 Rg4+ 59. Kd5 Rg5+ 60. Kd4 Rg4+ 61. Kc5 Rg5+ 62.
Kb4 Kb7 63. c5 Rg1 1/2-1/2

[Event "*** Qualifier 1: Titled Tuesday 3|2 Blitz"]
[Site "Chess.com"]
[Date "2017.04.04"]
[Round "6"]
[White "wonderfultime"]
[Black "Sebastian"]
[Result "0-1"]
[WhiteElo "2661"]
[BlackElo "2627"]
[TimeControl "180+2"]
[EndTime "14:25:39 PDT"]
[Termination "Sebastian won by resignation"]

1. d4 d5 2. c4 dxc4 3. e3 Nf6 4. Bxc4 e6 5. Nf3 a6 6. O-O c5 7. dxc5 Bxc5 8. Qxd8+ Kxd8 9. a3 b5 10. Be2 Bb7 11. b4 Bd6 12. Bb2 Nbd7 13. Nbd2 Ke7 14. Rfc1 Rac8 15. Kf1 Nb6 16. Bd4 Na4 17. Nb3 Bd5 18. Na5 Rhg8 19. Ne5 Ne4 20. Nac6+ Bxc6 21. Nxc6+ Kd7 22. Ne5+ Ke7 23. Ke1 f6 24. Nc6+ Kd7 25.
Na7 Rxc1+ 26. Rxc1 e5 27. Bg4+ Ke7 28. Nc8+ Rxc8 29.
Bxc8 exd4 30. exd4 Nb2 31. Rc2 Nc4 32. Bxa6 Kd8 33. f3 Ng5 34. Rc3 Nxa3 35. Rb3 Bxb4+ 36. Kd1 Bd6 37. h4 Ne6 38. Rd3 Kc7 39. Rc3+ Kb6 40. Bc8 Nxd4 41. Bd7 Nc4 42. h5 Bb4 43. Bxb5 Kxb5 44.
h6 gxh6 0-1

[Event "*** Qualifier 1: Titled Tuesday 3|2 Blitz"]
[Site "Chess.com"]
[Date "2017.04.04"]
[Round "6"]
[White "Th3ChessViking"]
[Black "EvgenyT"]
[Result "1/2-1/2"]
[WhiteElo "2343"]
[BlackElo "2458"]
[TimeControl "180+2"]
[EndTime "14:25:49 PDT"]
[Termination "Game drawn by agreement"]

1. c4 Nf6 2. g3 e5 3. Bg2 Nc6 4. Nc3 g6 5. Nf3 Bg7 6. d3 O-O 7. O-O d6 8. Rb1 a5 9. a3 h6 10. b4 axb4 11. axb4 Be6 12. b5 Ne7 13. Nd2 c6 14. Bb2 d5 15. Ra1 d4 16. Nce4 Nxe4 17. Nxe4 cxb5 18. Rxa8 Qxa8 19. cxb5 Bd5 20. Qa1 f5 21.
Ba3 Re8 22. Bxe7 Qxa1 23. Rxa1 Rxe7 24. Nf6+ Bxf6 25. Bxd5+ Kg7 26. Ra7 b6 27. Ra6 e4 28.
Rxb6 exd3 29. exd3 h5 30. Rb8 Re5 31. Bc6 Rc5 32. Kg2 Be5 33. Re8 Kf6 34. Rf8+ Ke7 35. Rg8 Kf7 36. Rd8 g5 37. Rd5 Rxd5 38. Bxd5+ Kf6 39.
b6 g4 40. b7 Kg5 41. Kf1 h4 42. Kg2 hxg3 43. hxg3 f4 44. Be4 fxg3 45. fxg3 Bb8 46.
Bd5 Be5 47. Be4 Bb8 1/2-1/2

[Event "*** Qualifier 1: Titled Tuesday 3|2 Blitz"]
[Site "Chess.com"]
[Date "2017.04.04"]
[Round "6"]
[White "proxy6"]
[Black "Grebeniuk-S"]
[Result "0-1"]
[WhiteElo "2204"]
[BlackElo "2413"]
[TimeControl "180+2"]
[EndTime "14:25:50 PDT"]
[Termination "Grebeniuk-S won by checkmate"]

1. e4 d5 2. exd5 Qxd5 3. Nc3 Qa5 4.
Bc4 Nf6 5. d3 c6 6. Ne2 Bg4 7. f3 Bc8 8. Bd2 Qc7 9. O-O e5 10.
Re1 Bc5+ 11. Kh1 O-O 12. Bg5 Nbd7 13. Ng3 h6 14. Be3 Bxe3 15. Rxe3 Nb6 16. Bb3 Nbd5 17.
Nxd5 cxd5 18. d4 e4 19. Qd2 Qf4 20. c4 exf3 21. gxf3 Bh3 22. Rd3 Qh4 23. Rg1 Rad8 24. c5 Rfe8 25. Re3 Rxe3 26. Qxe3 Re8 27. Qd3 Qf4 28.
Ne2 Qh4 29. Bc2 Qf2 30. Nf4 Re3 31. Qd1 Bd7 32. Rf1 Qh4 33. Ng2 Qg5 34. Nxe3 Qxe3 35. Re1 Qf2 36. Rf1 Qh4 37. Qd3 Bh3 38. Rg1 Qf4 39.
b4 Kf8 40. b5 g6 41. a4 Bf5 42. Qc3 Bxc2 43. Qxc2 Qxf3+ 44. Qg2 Qc3 45. Rd1 Ne4 46. Qe2 Kg7 47. Kg2 f5 48. Qe1 Qc2+ 49. Kg1 f4 50. a5 f3 51. Kh1 Qg2# 0-1

[Event "*** Qualifier 1: Titled Tuesday 3|2 Blitz"]
[Site "Chess.com"]
[Date "2017.04.04"]
[Round "6"]
[White "Rodalquilar"]
[Black "RobertoJBM"]
[Result "1-0"]
[WhiteElo "2568"]
[BlackElo "2398"]
[TimeControl "180+2"]
[EndTime "14:25:51 PDT"]
[Termination "Rodalquilar won on time"]

1. d4 d5 2. Bf4 c6 3. e3 Qb6 4. b3 Bf5 5. Bd3 Bxd3 6. Qxd3 e6 7.
Nf3 Nd7 8. O-O Ngf6 9. c4 Be7 10.
Nc3 O-O 11. c5 Qa6 12. Qxa6 bxa6 13. h3 Rfc8 14. b4 Bd8 15. a4 Bc7 16. Bxc7 Rxc7 17.
b5 Ne4 18. Nxe4 dxe4 19. Nd2 axb5 20. axb5 cxb5 21. Nxe4 a6 22. Rfb1 Rca7 23. Nd6 Nf6 24. c6 Kf8 25. e4 Ke7 26. e5 Nd5 27. Ra5 Nc3 28. Re1 Na4 29. Ra1 f6 30. c7 Kd7 31.
c8=Q+ Rxc8 32. Nxb5 axb5 33. Rxa7+ Rc7 34. Rxc7+ Kxc7 35. Rc1+ Kb6 36. d5 Nc5 37. d6 Nd7 38. f4 fxe5 39.
Rc7 Nb8 40. fxe5 b4 41. Rc8 Nd7 42. Rc4 Nxe5 43. Re4 Nc6 44. Rxe6 b3 45. d7 b2 46. d8=Q+ Kb5 47. Qd3+ Ka4 48. Rxc6 1-0

[Event "*** Qualifier 1: Titled Tuesday 3|2 Blitz"]
[Site "Chess.com"]
[Date "2017.04.04"]
[Round "6"]
[White "Schemato"]
[Black "Grootneus"]
[Result "1/2-1/2"]
[WhiteElo "2235"]
[BlackElo "2085"]
[TimeControl "180+2"]
[EndTime "14:25:57 PDT"]
[Termination "Game drawn by stalemate"]

1. c4 Nf6 2. Nc3 g6 3. g3 Bg7 4. Bg2 O-O 5. e4 c5 6. Nge2 Nc6 7. O-O d6 8. d3 a6 9. h3 Rb8 10. a4 Ne8 11. Be3 Nd4 12. Rb1 Nc7 13. b4 b5 14.
axb5 axb5 15. bxc5 dxc5 16. Bxd4 cxd4 17. Nxb5 Nxb5 18.
cxb5 Qa5 19. Qb3 Bd7 20. b6 e5 21. Rfc1 Rb7 22. Qb4 Qxb4 23. Rxb4 Rfb8 24. Rcb1 Bf8 25. R4b2 Bc5 26. f4 f6 27. h4 Rxb6 28. Rxb6 Rxb6 29.
Rxb6 Bxb6 30. Bf1 Kf7 31. Kf2 Ba5 32. Ng1 Bd2 33. Nf3 Be3+ 34. Ke2 exf4 35. gxf4 Bg4 36.
Bg2 Bxf4 37. Kf2 Be3+ 38. Kg3 Bd7 39. Bh3 Bxh3 40. Kxh3 h5 41. Kg3 g5 42. Ne1 gxh4+ 43.
Kh3 Bf2 44. Ng2 Ke6 45. Nf4+ Ke5 46. Nxh5 f5 47. exf5 Kxf5 48. Ng7+ Kf4 49. Ne6+ Ke3 50. Nc5 Ke2 51. Kg4 Ke3 52. Kh3 Bg3 53. Kg4 Bd6 54.
Ne6 Be7 55. Nxd4 Kxd4 56. Kh3 Kxd3 57. Kg2 Ke2 58. Kh1 Kf1 59. Kh2 Bd6+ 60. Kh1 h3 1/2-1/2

[Event "*** Qualifier 1: Titled Tuesday 3|2 Blitz"]
[Site "Chess.com"]
[Date "2017.04.04"]
[Round "6"]
[White "BogdanDeac"]
[Black "Ilja_Semjonovs"]
[Result "0-1"]
[WhiteElo "2318"]
[BlackElo "2157"]
[TimeControl "180+2"]
[EndTime "14:25:58 PDT"]
[Termination "Ilja_Semjonovs won on time"]

1. d4 Nf6 2. Bf4 d5 3. e3 Bf5 4. c4 e6 5. Nc3 Bb4 6. Qa4+ Nc6 7. Ne2 dxc4 8. a3 Bd6 9. Qxc4 Bxf4 10. Nxf4 O-O 11.
Bd3 a6 12. Bxf5 exf5 13. Rc1 Ne4 14. Nxe4 fxe4 15. O-O Kh8 16. d5 Ne7 17. Qxe4 Qd6 18. Rc2 c6 19. dxc6 Nxc6 20. Rfc1 Rad8 21. g3 Rfe8 22. Qg2 g5 23. Ne2 h5 24. Qf3 Qg6 25. Nd4 Nxd4 26. exd4 Rxd4 27. Qxb7 Red8 28. Kg2 h4 29.
Qc6 Qf5 30. Re2 h3+ 31. Kg1 Rd1+ 32. Re1 Rxc1 33. Rxc1 Kh7 34. b4 Rd2 35. Rf1 g4 36. a4 Kg7 37. Qc3+ Kg6 38. Qc6+ Kh7 39. b5 Rc2 40.
Qb7 Rb2 41. Qc6 axb5 42. axb5 Rxb5 43. f3 Rd5 44. fxg4 Qe4 45. Rxf7+ Kg8 0-1

[Event "*** Qualifier 1: Titled Tuesday 3|2 Blitz"]
[Site "Chess.com"]
[Date "2017.04.04"]
[Round "6"]
[White "Swarajan"]
[Black "micfel"]
[Result "1-0"]
[WhiteElo "1953"]
[BlackElo "2112"]
[TimeControl "180+2"]
[EndTime "14:26:03 PDT"]
[Termination "Swarajan won on time"]

1. d4 d5 2. c4 dxc4 3. Nf3 c5 4.
e3 Nc6 5. Bxc4 e6 6. O-O Nf6 7. Nc3 cxd4 8. exd4 Be7 9. Bg5 O-O 10.
Bd3 h6 11. Bh4 b6 12. Rc1 Bb7 13. Qe2 Nb4 14. Rfd1 Nxd3 15. Qxd3 Rc8 16. Ne5 a6 17. Qg3 b5 18. a3 Nh5 19. Bxe7 Qxe7 20.
Qg4 Nf6 21. Qg3 Rfd8 22. Ng4 Nxg4 23. Qxg4 Rc4 24. Ne2 Rxc1 25. Rxc1 Bd5 26. Qf4 Bc4 27. Ng3 Rd5 28. h3 Qd7 29. b3 Bxb3 30. Rc7 Qe8 31. Rb7 Bc4 32. Nh5 Kh7 33. Rb8 Qe7 34. Qe4+ f5 35.
Qf4 Qg5 36. Qf3 Rd7 37. Rc8 Bd5 38. Rb8 1-0

[Event "*** Qualifier 1: Titled Tuesday 3|2 Blitz"]
[Site "Chess.com"]
[Date "2017.04.04"]
[Round "6"]
[White "Yaacovn"]
[Black "johnathan113"]
[Result "0-1"]
[WhiteElo "2585"]
[BlackElo "2423"]
[TimeControl "180+2"]
[EndTime "14:26:04 PDT"]
[Termination "johnathan113 won by resignation"]

1. d4 Nf6 2. Nf3 g6 3. c4 Bg7 4. Nc3 O-O 5. g3 d6 6. Bg2 Nc6 7. O-O a6 8. b3 Rb8 9. Bb2 b5 10. cxb5 axb5 11. Rc1 Bd7 12. d5 Na7 13. b4 c6 14. Nd4 c5 15. bxc5 dxc5 16. Nc6 Bxc6 17.
dxc6 Qb6 18. Nd5 Nxd5 19. Bxg7 Rfd8 20. Be5 Rbc8 21. Bxd5 Nxc6 22. Ba1 e6 23. e4 exd5 24. exd5 Nd4 25. Bxd4 cxd4 26. Qb3 Rc3 27. Rxc3 dxc3 28. Rd1 Qc5 29. a3 Re8 30. Qc2 Qxa3 31. d6 Rd8 32. d7 b4 33. Qe4 Qa4 34. Rd4 c2 35. Rc4 Qxd7 36. Qxc2 Rb8 37. Qb3 Qe6 38. h4 h5 39.
Kh2 Kh7 40. Kg1 Rb5 41. Kg2 Qd5+ 42. Kg1 Qe6 43. Kh2 Rf5 44. Kg2 Qe2 45. Rf4 Rxf4 46. gxf4 Qg4+ 47. Kf1 Qxf4 48. Qd5 Qf5 49. Qc4 Qb1+ 50.
Kg2 Kg8 51. Qc8+ Kg7 52. Qc4 Qb2 53. Qd5 Qc3 54. f4 b3 55. f5 Qc2+ 56. Kg3 Qc3+ 57. Kf4 b2 58. fxg6 Qf6+ 59. Ke3 Qe6+ 0-1

[Event "*** Qualifier 1: Titled Tuesday 3|2 Blitz"]
[Site "Chess.com"]
[Date "2017.04.04"]
[Round "6"]
[White "Generalas"]
[Black "alturas_pacificas"]
[Result "1-0"]
[WhiteElo "2200"]
[BlackElo "2041"]
[TimeControl "180+2"]
[EndTime "14:26:08 PDT"]
[Termination "Generalas won by resignation"]

1. Nf3 Nf6 2. b3 d5 3. g4 Bxg4 4.
Bg2 c6 5. Bb2 Nbd7 6. c4 e6 7.
Nc3 Be7 8. d3 h6 9. Qd2 a5 10.
Rg1 g5 11. Bh1 Qc7 12. h4 Bxf3 13. Bxf3 g4 14. Bg2 Qh2 15. O-O-O Qxh4 16. Kb1 Qxf2 17. Rdf1 Qc5 18. d4 Qb4 19. Qd3 a4 20. cxd5 cxd5 21.
Nxa4 Rxa4 22. bxa4 Qxa4 23. Rc1 Nb6 24. Rc7 Bd6 25. Rxb7 Nc4 26. Rc1 O-O 27. Rc3 Ra8 28. a3 Qa6 29. Rcb3 Nxb2 30. Qxa6 Rxa6 31. Kxb2 h5 32.
R7b6 Rxb6 33. Rxb6 Bg3 34. a4 Bf2 35. Rb4 h4 36. a5 h3 37. Bf1 h2 38. Bg2 e5 39.
a6 Bxd4+ 40. Rxd4 exd4 41. a7 d3 42. a8=Q+ Kg7 43. exd3 Kg6 44. Qb8 Nh5 45. Qxh2 Kg5 46. Bxd5 f5 47. Qg2 Nf4 48. Qd2 g3 49. Bf3 g2 50.
Bxg2 Kg4 51. Bc6 Ne6 52. d4 f4 53. d5 Ng5 54. d6 f3 55. d7 1-0

[Event "*** Qualifier 1: Titled Tuesday 3|2 Blitz"]
[Site "Chess.com"]
[Date "2017.04.04"]
[Round "6"]
[White "iturrizaga"]
[Black "MITerryble"]
[Result "0-1"]
[WhiteElo "2651"]
[BlackElo "2757"]
[TimeControl "180+2"]
[EndTime "14:26:17 PDT"]
[Termination "MITerryble won on time"]

1. Nf3 Nf6 2. c4 e6 3. g3 b6 4. Bg2 Bb7 5. O-O Be7 6. b3 O-O 7. Bb2 c5 8. e3 d5 9. Qe2 Nbd7 10.
Rd1 Qc7 11. Nc3 Rac8 12. Rac1 Qb8 13. cxd5 Nxd5 14. Nxd5 Bxd5 15. e4 Bb7 16. d4 cxd4 17.
Nxd4 Rxc1 18. Rxc1 Rc8 19. Rd1 Nc5 20. e5 a6 21. f4 g6 22. h4 h5 23. Kh2 Qa8 24.
Ba3 Bxg2 25. Qxg2 Qxg2+ 26. Kxg2 Kf8 27. Kf3 Ke8 28. Bxc5 Rxc5 29. Ke2 Rc3 30. Rd3 Rc1 31. Rd1 Rc3 32. Rd3 Rc1 33. Rd1 Rxd1 34. Kxd1 Bc5 35.
Ne2 Bf2 36. Kd2 Kd7 37. Kd3 Kc6 38. a4 Be1 39. Kc4 b5+ 40. axb5+ axb5+ 41. Kd4 Kb6 42. Ke3 Kc5 43. Kd3 Kb4 44. Kc2 Ka3 45. Nd4 Bxg3 46.
Nxb5+ Kb4 47. Nd6 Bxh4 48. Nxf7 Bg3 49. Nd8 h4 0-1